 Dungeon Crawl Stone Soup version 0.30-a0-918-g0ff054e9dc (webtiles) character file.

Game seed: 11618019938991161322

309568 mopl the Executioner (level 22, -9/169 HPs)
             Began as a Formicid Warper on Mar 20, 2023.
             Was a High Priest of Cheibriados.
             Killed from afar by Nikola (13 damage)
             ... with a bolt of lightning
             ... on level 2 of the Elven Halls.
             The game lasted 01:27:53 (31154 turns).

mopl the Executioner (Formicid Warper)             Turns: 31154, Time: 01:27:54

Health: -9/169     AC: 23    Str: 33    XL:     22   Next: 17%
Magic:  28/33      EV: 21    Int: 40    God:    Cheibriados [*****.]
Gold:   3881       SH: 15    Dex: 30    Spells: 14/36 levels left

rFire   . . .      SeeInvis +    a - +10 battleaxe of the Extremely Mad {freeze, Int+5}
rCold   . . .      Faith    .    V - +0 kite shield
rNeg    + . .      Spirit   .    D - +2 pearl dragon scales
rPois   +          Reflect  .    (helmet unavailable)
rElec   .          Rampage  .    z - scarf of Waomirch {repulsion, +Inv rPois}
rCorr   .                        t - +1 pair of gloves {Dex+3}
Will    +++..                    l - +1 pair of boots {Fly}
Stlth   +                        C - amulet of regeneration
HPRegen 1.28/turn                G - +4 ring of slaying
MPRegen 0.23/turn                L - ring of willpower

@: flying, repel missiles, very slow
A: permanent stasis, dig shafts and tunnels, antennae 3, four strong arms
}: 2/15 runes: decaying, gossamer
a: Dig, Shaft Self, Renounce Religion, Evoke Invisibility, Bend Time, Temporal
Distortion, Slouch, Step From Time


You were on level 2 of the Elven Halls.
You worshipped Cheibriados.
Cheibriados was extremely pleased with you.
You visited 7 branches of the dungeon, and saw 34 of its levels.
You visited the Abyss 1 time.
You visited 1 bazaar.
You also visited: Ossuary, Gauntlet, Ice Cave, Volcano and Desolation.

You collected 5565 gold pieces.
You spent 1684 gold pieces at shops.

Inventory:

Hand Weapons
 a - the +10 battleaxe of the Extremely Mad (weapon) {freeze, Int+5}
   (You found it on level 11 of the Dungeon)

   Int:       It affects your intelligence (+5).
 b - a +2 battleaxe of flaming
 c - the +8 trident of the Octopus King {venom, rElec rPois}
   (You found it on level 11 of the Dungeon)

   rElec:     It insulates you from electricity.
   rPois:     It protects you from poison.
Missiles
 d - 9 boomerangs of dispersal
 h - 7 boomerangs
 m - 29 poisoned darts (quivered)
 x - 14 curare-tipped darts
 J - a throwing net
Armour
 l - a +1 pair of boots of flying (worn)
 t - a +1 pair of gloves of dexterity (worn)
 z - the scarf of Waomirch (worn) {repulsion, +Inv rPois}
   (You found it on level 4 of the Spider Nest)

   rPois:     It protects you from poison.
   +Inv:      It lets you turn invisible.
 D - +2 pearl dragon scales (worn)
 V - a +0 kite shield (worn)
Jewellery
 k - a ring of protection from fire
 C - an amulet of regeneration (around neck)
 G - a +4 ring of slaying (left hand)
 L - a ring of willpower (right hand)
 O - a ring of protection from cold
Wands
 e - a wand of charming (32)
 j - a wand of polymorph (20)
 n - a wand of digging (10)
 r - a wand of quicksilver (53)
 v - a wand of flame (31)
 I - a wand of mindburst (22)
 T - a wand of roots (37)
Scrolls
 g - 5 scrolls of magic mapping
 s - 6 scrolls of fog
 w - 2 scrolls of torment {!r}
 y - 5 scrolls of poison
 A - 9 scrolls of fear
 E - a scroll of summoning
 K - 8 scrolls of vulnerability
 U - 3 scrolls of silence {!r}
Potions
 f - 3 potions of magic
 i - 10 potions of lignification {!q}
 q - 11 potions of might
 u - 15 potions of heal wounds
 B - 12 potions of flight
 H - 7 potions of resistance
 M - 8 potions of ambrosia
 P - 4 potions of brilliance
 Q - 6 potions of cancellation
 S - 2 potions of invisibility
 W - 6 potions of curing
Miscellaneous
 F - a box of beasts
 N - a tin of tremorstones (2/2)
 R - a lightning rod (4/4)
 X - a condenser vane
 Y - a phial of floods


   Skills:
 + Level 13.1 Fighting
 * Level 21.1 Axes
 + Level 10.8 Throwing
 + Level 13.2 Armour
 + Level 11.2 Dodging
 - Level 10.0 Shields
 + Level 7.8 Spellcasting
 + Level 11.4 Translocations
 - Level 15.0 Invocations
 + Level 11.6 Evocations


You had 14 spell levels left.
You knew the following spells:

 Your Spells              Type           Power      Damage    Failure   Level
a - Apportation           Tloc           100%       N/A       1%          1
b - Lesser Beckoning      Tloc           100%       N/A       1%          2
c - Vhi's Electric Charg  Tloc/Air       100%       N/A       2%          3
d - Manifold Assault      Tloc           82%        N/A       1%          4
f - Portal Projectile     Hex/Tloc       100%       N/A       2%          3
t - Teleport Other        Tloc           82%        N/A       1%          3
D - Dispersal             Tloc           41%        N/A       11%         6

Your spell library contained the following spells:

 Spells                   Type           Power      Damage    Failure   Level
 Gell's Gravitas          Tloc           82%        N/A       1%          3
 Kindle Blastsparks       Fire/Tloc/Air  92%        2d17      4%          3
 Freeze                   Ice            60%        1d7       8%          1
 Kiss of Death            Conj/Necr      60%        2d10      8%          1
 Magic Dart               Conj           60%        1d6       8%          1
 Sandblast                Erth           30%        2d9       8%          1
 Slow                     Hex            60%        N/A       8%          1
 Sting                    Tmut/Pois      60%        1d6       8%          1
 Cigotuvi's Dreadful Rot  Necr/Pois/Air  30%        N/A       12%         2
 Ensorcelled Hibernation  Hex/Ice        30%        N/A       12%         2
 Passwall                 Tmut/Erth      12%        N/A       12%         2
 Poisonous Vapours        Pois/Air       30%        N/A       12%         2
 Searing Ray              Conj           30%        2d5       12%         2
 Static Discharge         Conj/Air       30%        2-4/arc   12%         2
 Sublimation of Blood     Necr           15%        N/A       12%         2
 Wereblood                Tmut           15%        N/A       12%         2
 Summon Forest            Summ/Tloc      28%        N/A       21%         5
 Call Canine Familiar     Summ           15%        N/A       22%         3
 Confusing Touch          Hex            15%        N/A       22%         3
 Frozen Ramparts          Ice            30%        1d5       22%         3
 Hailstorm                Conj/Ice       15%        3d5       22%         3
 Ignite Poison            Fire/Tmut/Pois 15%        N/A       22%         3
 Inner Flame              Hex/Fire       15%        N/A       22%         3
 Ozocubu's Armour         Ice            15%        N/A       22%         3
 Vampiric Draining        Necr           15%        2d7       22%         3
 Dispel Undead            Necr           15%        3d10      58%         4
 Fulminant Prism          Conj/Hex       7%         3d7       58%         4
 Ice Form                 Ice/Tmut       15%        N/A       58%         4
 Leda's Liquefaction      Hex/Erth       7%         N/A       58%         4
 Olgreb's Toxic Radiance  Pois           15%        N/A       58%         4
 Petrify                  Tmut/Erth      15%        N/A       58%         4
 Summon Ice Beast         Ice/Summ       15%        N/A       58%         4
 Arcjolt                  Conj/Air       7%         1d17      91%         5
 Blade Hands              Tmut           7%         N/A       91%         5
 Borgnjor's Vile Clutch   Necr/Erth      7%         N/A       91%         5
 Freezing Cloud           Conj/Ice/Air   7%         6-21      91%         5
 Lee's Rapid Deconstruct  Erth           7%         3d7*      91%         5
 Metabolic Englaciation   Hex/Ice        7%         N/A       91%         5
 Plasma Beam              Fire/Air       7%         2x1d20    91%         5
 Silence                  Hex/Air        7%         N/A       91%         5
 Summon Mana Viper        Hex/Summ       15%        N/A       91%         5
 Disjunction              Tloc           41%        N/A       99%         8
 Conjure Ball Lightning   Conj/Air       7%         3x3d6     100%        6
 Death Channel            Necr           7%         N/A       100%        6
 Simulacrum               Ice/Necr       7%         N/A       100%        6
 Statue Form              Tmut/Erth      10%        N/A       100%        6
 Dragon Form              Tmut           7%         N/A       100%        7
 Monstrous Menagerie      Summ           7%         N/A       100%        7
 Ozocubu's Refrigeration  Ice            7%         4d9       100%        7
 Summon Hydra             Summ           7%         N/A       100%        7
 Discord                  Hex            7%         N/A       100%        8
 Necromutation            Tmut/Necr      7%         N/A       100%        8
 Summon Horrible Things   Summ           7%         N/A       100%        8
 Chain Lightning          Conj/Air       7%         3d10      100%        9
 Fire Storm               Conj/Fire      7%         8d2       100%        9
 Shatter                  Erth           7%         3d10*     100%        9
 Blink                    Tloc           Unusable   N/A       N/A         2
 Swiftness                Air            Unusable   N/A       N/A         3

Dungeon Overview and Level Annotations

Branches:
Dungeon (15/15)            Temple (1/1) D:5            Lair (5/5) D:8
  Swamp (4/4) Lair:2       Spider (4/4) Lair:2        Slime (0/5) Lair:5
    Orc (2/2) D:9             Elf (3/3) Orc:2        Vaults (0/5) D:14
 Depths (0/4) D:15        Ossuary (visited)           IceCv (visited)
Volcano (visited)         Desolation (visited)      Gauntlet (visited)

Altars:
Ashenzari
Cheibriados
Dithmenos
Elyvilon
Fedhas
Gozag
Hepliaklqana
Kikubaaqudgha
Makhleb
Nemelex Xobeh
Okawaru
Qazlal
Ru
Sif Muna
Trog
Uskayaw
Vehumet
Wu Jian
Xom
Yredelemnul
Zin
The Shining One
Jiyva

Shops:
D:6 :   Orc:2 !=!(   Elf:2 ((   Elf:3 :(*[:

Annotations:
D:13 scythe of curses
Swamp:1 3 runed translucent doors, Tuenlyrph's ghost, adept SpEn
Elf:2 Nikola
Elf:3 3 runed translucent doors, emiel's ghost, adept NaFi


Innate Abilities, Weirdness & Mutations

You cannot be hasted, slowed, berserked, paralysed or teleported.
You can dig through walls and to a lower floor.
You have a pair of large antennae on your head. (SInv)
Your four strong arms can wield two-handed weapons with a shield.


Message History

There is a stone staircase leading down here.
You fly downwards.
Level annotation: 5 runed translucent doors, Nikola
There is a stone staircase leading up, spattered with blood here.
You see here a +2 short sword of freezing.
There is an open door here.
You sense a monster nearby.
There is a broken door here.
Nikola shouts!
There is an open door, spattered with blood here.
Nikola says, "There's a spark of magic in your eyes."
You reach down and open the huge gate.
You slice Nikola!! You freeze Nikola.
Nikola is lightly wounded.
You slash Nikola! You freeze Nikola.
Nikola is moderately wounded.
You block Nikola's attack.
You slice Nikola!! You freeze Nikola!
Nikola is heavily wounded.
Nikola closely misses you.
You slice Nikola!! You freeze Nikola.
Nikola is heavily wounded.
Nikola barely misses you.
You barely miss Nikola.
Nikola is heavily wounded.
Nikola casts a spell.
Lightning arcs from Nikola's hands!
The bolt of lightning hits you!!!!
Ouch! That really hurt!
A bolt of lightning appears from out of thin air!
The bolt of lightning hits Nikola!
You hear a shout! x10
Activating: Slouch (0% risk of failure)
Press: ? - help, Dir - look around, f - activate You can feel time thicken for a moment.
Cheibriados lowers the support of your attributes as your movement quickens.
Nikola points at you and mumbles some strange words.
The bolt of lightning hits you!!!
* * * LOW HITPOINT WARNING * * *
The bolt of lightning hits you!
You die...

.... ###############
#....
#.............##.....
#.#.#.#.#.#.#.#......
#.............#.....#
####.#..###'######.....#
...#)..##....#..@@...#
##..)#.#.....#...'...#
#.....#.....'...'..##
#...#.#.....#)..'...#
###...##..).#...'...#
#.#..###'######.....#
#.......).....#.....#
#.#.#.#.#.#.#.#......
#.............##.....


You could see Nikola.

Vanquished Creatures
  the Lernaean hydra (Swamp:4)
  Jorgrun (Orc:2)
  2 deep elf blademasters (Elf:3)
  3 deep elf master archers (Elf:3)
  Gastronok (Lair:1)
  Kirke (Spider:3)
  A thorn hunter (Swamp:3)
  A fenstrider witch (Swamp:4)
  Agnes (Spider:2)
  An azure jelly (IceCv)
  9 deep elf sorcerers (Elf:3)
  5 emperor scorpions
  5 ghost moths
  5 imperial myrmidons (Desolation)
  An orc warlord (Orc:1)
  5 deep elf elementalists (Elf:3)
  4 broodmothers
  5 quicksilver oozes (IceCv)
  4 deep elf demonologists (Elf:3)
  4 eleionomae
  Azrael (Spider:2)
  2 spark wasps (Spider:4)
  8 bunyips
  A minotaur (Gauntlet)
  11 deep elf annihilators
  A halazid warlock (Desolation)
  A crystal guardian (Desolation)
  10 deep elf death magi (Elf:3)
  2 fire dragons
  2 shambling mangroves
  8 entropy weavers
  8 ragged hierophants (Desolation)
  7 deep elf high priests
  A vault guard (D:14)
  4 servants of whispers
  24 hydras
  An ogre mage (Orc:2)
  An anaconda (shapeshifter) (D:13)
  10 peacekeepers (Desolation)
  2 catoblepae
  A hell beast (Gauntlet)
  5 centaur warriors
  3 jorogumos
  A ghost crab (Swamp:4)
  5 boulder beetles
  A radroach (Spider:1)
  7 two-headed ogres
  11 alligators
  2 tengu warriors
  11 dancing weapons
  A death knight (D:14)
  Sonja (D:12)
  23 deep elf knights
  An orc high priest (Orc:1)
  Amaemon (D:8)
  Nergalle (Lair:3)
  A skyshark (Lair:5)
  A skeletal warrior (D:14)
  Lodul (D:12)
  2 pharaoh ants
  A sun moth (Spider:1)
  A fire crab (Gauntlet)
  6 goliath frogs
  6 spriggan druids
  8 swamp dragons
  10 orb spiders
  4 spectral wolf spiders (Spider:1)
  A bog body (Swamp:1)
  4 lindwurms (Volcano)
  2 orc knights
  13 deep elf archers
  2 phantasmal warriors (D:13)
  A wizard (D:14)
  8 ironbound convokers (Desolation)
  5 steelbarb worms
  23 deep elf zephyrmancers
  11 orc sorcerers
  37 deep elf pyromancers
  17 wolf spiders
  4 wolf spider zombies (Spider:1)
  2 will-o-the-wisps
  9 ugly things
  A mana viper (shapeshifter) (Elf:1)
  A moth of wrath (Spider:4)
  6 manticores
  A moth of wrath (shapeshifter) (D:14)
  Maurice (Orc:2)
  5 cyclopes
  2 rust devils (D:9)
  A salamander (D:15)
  6 elephants
  5 gargoyles
  2 orange demons
  2 ice statues (IceCv)
  4 guardian serpents (Desolation)
  3 black mambas
  14 cane toads
  6 demonic crawlers
  4 torpor snails
  Psyche (D:8)
  3 smoke demons (Volcano)
  8 rime drakes
  A torpor snail (shapeshifter) (D:15)
  Maggie (D:7)
  2 freezing wraiths
  9 komodo dragons
  3 tengu conjurers (D:13)
  An ice devil (D:9)
  An efreet (D:15)
  4 guardian mummies (D:13)
  A meliai (shapeshifter) (D:13)
  4 burning bushes (Lair:5)
  A hellwing (D:9)
  7 tyrant leeches
  4 polar bears
  6 trolls
  21 tarantellas
  28 hornets
  77 saltlings
  4 wolf spider simulacra (Spider:1)
  14 blink frogs
  A raiju (shapeshifter) (D:14)
  6 dream sheep (Lair:5)
  4 air elementals
  18 slime creatures
  A large abomination (Abyss:2)
  17 culicivoras
  2 centaur simulacra (D:11)
  23 jumping spiders
  2 water elementals
  10 wyverns
  36 yaks
  4 vampires
  3 wraiths
  36 spriggans
  6 fire elementals
  12 basilisks
  A ynoxinul (D:9)
  4 fire bats (Gauntlet)
  6 hogs (Spider:4)
  6 steam dragons
  The ghost of nidavellir the Covered, an amateur HuFi (D:4)
  18 vampire mosquitoes
  50 redbacks
  Edmund (D:4)
  15 swamp worms
  4 wargs
  2 acid dragons
  14 water moccasins
  6 hell hounds
  2 floating eyes (D:10)
  25 orc warriors
  7 swamp drakes
  7 black bears
  2 great orb of eyes simulacra (IceCv)
  16 ogres
  4 boggarts (Lair:5)
  15 wolves (Lair:5)
  6 centaurs
  2 slime creature simulacra (IceCv)
  12 bullfrogs
  3 kobold brigands
  2 phantoms
  5 elf zombies (Ossuary)
  5 earth elementals
  2 gnoll sergeants
  4 scorpions
  3 glowing shapeshifter simulacra (IceCv)
  4 wights
  5 killer bees (D:9)
  6 howler monkeys
  6 electric eels
  4 crimson imps (D:15)
  11 orc priests
  2 quasits (D:9)
  2 gnoll boudas
  3 jellies
  5 hounds
  A human zombie (Ossuary)
  4 iguanas
  An iron imp (Abyss:2)
  37 orc wizards
  4 shapeshifter simulacra (IceCv)
  5 hell rats (Lair:4)
  6 mummies
  20 gnolls
  7 adders
  A white imp (D:7)
  3 ufetubi
  An adder zombie (Ossuary)
  A worm (D:4)
  4 dart slugs
  86 orcs
  12 bats
  9 endoplasms
  3 giant cockroaches
  2 goblins
  6 hobgoblins
  3 jackals (D:5)
  4 quokkas
  9 ball pythons
  2 frilled lizards
  A goblin zombie (Ossuary)
  11 hobgoblin zombies (Ossuary)
  17 kobolds
  7 kobold zombies (Ossuary)
  9 orc zombies (Ossuary)
  9 rats
  A rat zombie (Ossuary)
  2 foxfires (Swamp:3)
1452 creatures vanquished.

Vanquished Creatures (others)
  3 deep elf knights
  An orb spider (Spider:4)
  2 deep elf zephyrmancers
  An unseen horror (D:10)
  2 bloated husks (Swamp:2)
  A human (Spider:4)
  A vampire mosquito (Swamp:2)
  An electric eel (Spider:3)
  2 orc wizards
  An orc (D:15)
  2 demonic plants (D:9)
  4 foxfires
  21 fungi
  30 plants
72 creatures vanquished.

Grand Total: 1524 creatures vanquished

Notes
Turn   | Place    | Note
-------+----------+-------------------------------------------
     0 | D:1      | mopl the Formicid Warper began the quest for the Orb.
     0 | D:1      | Reached XP level 1. HP: 16/16 MP: 3/3
   147 | D:1      | Reached XP level 2. HP: 5/22 MP: 5/5
   225 | D:1      | Found a faded altar of an unknown god.
   234 | D:1      | Got Plato's Excursus on Movement
   461 | D:1      | Reached skill level 3 in Axes
   832 | D:2      | Reached XP level 3. HP: 23/27 MP: 6/6
   992 | D:2      | Reached skill level 4 in Axes
   992 | D:2      | Reached XP level 4. HP: 25/33 MP: 7/7
  1551 | D:3      | Reached XP level 5. HP: 38/38 MP: 8/8
  1804 | D:3      | Reached skill level 5 in Axes
  1804 | D:3      | Reached skill level 1 in Shields
  2225 | D:4      | Reached skill level 2 in Shields
  2225 | D:4      | Reached XP level 6. HP: 42/44 MP: 9/9
  2237 | D:4      | Found a sparkling altar of Nemelex Xobeh.
  2298 | D:4      | Noticed Edmund
  2306 | D:4      | Killed Edmund
  2307 | D:4      | Reached skill level 6 in Axes
  2307 | D:4      | Reached skill level 3 in Shields
  2312 | D:4      | Reached XP level 7. HP: 48/50 MP: 10/10
  2760 | D:4      | Reached skill level 7 in Axes
  2760 | D:4      | Reached skill level 4 in Shields
  2856 | D:4      | Found a runed translucent door.
  2857 | D:4      | Noticed nidavellir's ghost (amateur HuFi)
  3187 | D:5      | Entered Level 5 of the Dungeon
  3197 | D:5      | Found a radiant altar of Vehumet.
  3197 | D:5      | Found a sacrificial altar of Ru.
  3257 | D:5      | Found a staircase to the Ecumenical Temple.
  3268 | Temple   | Entered the Ecumenical Temple
  3268 | Temple   | Found a transporter.
  3268 | Temple   | Found a transporter.
  3270 | Temple   | Found a transporter.
  3270 | Temple   | Found a transporter.
  3298 | Temple   | Became a worshipper of Cheibriados the Contemplative
  3342 | D:5      | Noticed a water moccasin
  3351 | D:5      | Killed a water moccasin
  3352 | D:5      | Reached skill level 1 in Invocations
  3352 | D:5      | Reached XP level 8. HP: 43/56 MP: 11/11
  3403 | D:5      | Reached skill level 8 in Axes
  3425 | D:5      | Reached skill level 2 in Invocations
  3612 | D:5      | Reached skill level 3 in Invocations
  3811 | D:6      | Reached * piety under Cheibriados
  3812 | D:6      | Reached skill level 9 in Axes
  3922 | D:6      | Reached skill level 4 in Invocations
  3922 | D:6      | Reached XP level 9. HP: 51/61 MP: 12/12
  4189 | D:6      | Found Mouzat's Book Boutique.
  4268 | D:6      | Reached skill level 5 in Invocations
  4294 | D:6      | Found a shadowy altar of Dithmenos.
  4399 | D:6      | Reached skill level 10 in Axes
  4515 | D:6      | Found Mulihut's Magic Scroll Emporium.
  4521 | D:6      | Bought a scroll of identify for 28 gold pieces
  4521 | D:6      | Bought a scroll of identify for 28 gold pieces
  4521 | D:6      | Bought a scroll of identify for 28 gold pieces
  4521 | D:6      | Bought a scroll of identify for 28 gold pieces
  4521 | D:6      | Bought a scroll of vulnerability for 56 gold pieces
  4521 | D:6      | Bought a scroll of magic mapping for 105 gold pieces
  4521 | D:6      | Bought a scroll of enchant armour for 105 gold pieces
  4584 | D:7      | Reached ** piety under Cheibriados
  4672 | D:7      | Found a sand-covered staircase.
  4695 | Ossuary  | Entered an ossuary
  4835 | Ossuary  | Reached skill level 6 in Invocations
  4863 | Ossuary  | Reached *** piety under Cheibriados
  5092 | D:7      | Reached skill level 11 in Axes
  5255 | D:7      | Noticed a troll
  5259 | D:7      | Noticed Maggie
  5263 | D:7      | Killed a troll
  5264 | D:7      | Reached skill level 7 in Invocations
  5264 | D:7      | Reached XP level 10. HP: 57/67 MP: 15/15
  5272 | D:7      | Killed Maggie
  5558 | D:6      | Bought a scroll of amnesia for 56 gold pieces
  5633 | D:8      | Noticed a gargoyle
  5643 | D:8      | Killed a gargoyle
  5644 | D:8      | Reached skill level 12 in Axes
  5644 | D:8      | Reached skill level 8 in Invocations
  5658 | D:8      | Identified the +0 leather armour of the Enchanting Gods
                  | {Rampage Drain Dex+3}
  5788 | D:8      | Found a staircase to the Lair.
  5812 | D:8      | Reached **** piety under Cheibriados
  5813 | D:8      | Reached skill level 13 in Axes
  5824 | D:8      | Reached skill level 9 in Invocations
  5961 | D:8      | Reached XP level 11. HP: 72/72 MP: 17/17
  5987 | D:8      | Noticed Psyche
  6006 | D:8      | Killed Psyche
  6019 | D:8      | Noticed a brown ugly thing
  6029 | D:8      | Killed a brown ugly thing
  6133 | D:8      | Found the +18 Lear's hauberk
  6136 | D:8      | Noticed Amaemon
  6148 | D:8      | Killed Amaemon
  6149 | D:8      | Reached skill level 10 in Invocations
  6154 | D:8      | HP: 3/72 [asphyx]
  6156 | D:8      | Reached skill level 14 in Axes
  6251 | D:8      | Learned a level 1 spell: Apportation
  6254 | D:8      | Learned a level 2 spell: Lesser Beckoning
  6258 | D:8      | Learned a level 3 spell: Teleport Other
  6262 | D:8      | Learned a level 3 spell: Vhi's Electric Charge
  6267 | D:8      | Learned a level 4 spell: Manifold Assault
  6309 | D:9      | Found a glowing golden altar of the Shining One.
  6323 | D:9      | Reached skill level 2 in Dodging
  6403 | D:9      | Reached skill level 3 in Translocations
  6404 | D:9      | Reached ***** piety under Cheibriados
  6433 | D:9      | Reached skill level 2 in Armour
  6462 | D:9      | Noticed a two-headed ogre
  6473 | D:9      | Killed a two-headed ogre
  6474 | D:9      | Reached skill level 3 in Fighting
  6474 | D:9      | Reached skill level 3 in Spellcasting
  6612 | D:9      | Found a staircase to the Orcish Mines.
  6794 | D:9      | Reached XP level 12. HP: 81/81 MP: 19/19
  7060 | D:10     | Entered Level 10 of the Dungeon
  7083 | D:10     | Noticed a two-headed ogre
  7089 | D:10     | Killed a two-headed ogre
  7090 | D:10     | Reached skill level 3 in Armour
  7090 | D:10     | Reached skill level 3 in Dodging
  7223 | D:10     | Reached skill level 4 in Fighting
  7255 | D:10     | Reached skill level 4 in Translocations
  7280 | D:10     | Reached skill level 4 in Spellcasting
  7281 | D:10     | Reached skill level 5 in Shields
  7361 | D:10     | Noticed a two-headed ogre
  7371 | D:10     | Killed a two-headed ogre
  7372 | D:10     | Reached skill level 11 in Invocations
  7457 | D:10     | Identified the +1 long sword "Arighim" {heavy, rPois MP+9}
  7573 | D:10     | Reached skill level 4 in Armour
  7885 | D:11     | Found a glowing golden altar of the Shining One.
  8037 | D:11     | Reached skill level 15 in Axes
  8150 | D:11     | Reached skill level 4 in Dodging
  8220 | D:11     | Got the +10 battleaxe of the Extremely Mad {freeze, Int+5}
  8400 | D:11     | Noticed a two-headed ogre
  8405 | D:11     | Killed a two-headed ogre
  8406 | D:11     | Reached XP level 13. HP: 90/90 MP: 21/21
  8424 | D:11     | Reached skill level 5 in Fighting
  8502 | D:11     | You fall into a shaft and drop 3 floors!
  8579 | D:14     | Reached skill level 6 in Shields
  8579 | D:14     | Noticed a vault guard
  8591 | D:14     | Killed a vault guard
  8611 | D:14     | Found a gate to the Vaults.
  8675 | D:14     | Noticed a centaur warrior
  8684 | D:14     | Killed a centaur warrior
  8685 | D:14     | Noticed a centaur warrior
  8688 | D:14     | Killed a centaur warrior
  8689 | D:14     | Reached skill level 5 in Armour
  8689 | D:14     | Reached skill level 5 in Spellcasting
  8689 | D:14     | Reached skill level 5 in Translocations
  8689 | Abyss:2  | Cast into level 2 of the Abyss (a wizard)
  8786 | Abyss:2  | Found a corrupted altar of Lugonu.
  8804 | D:14     | Escaped the Abyss
  8804 | D:14     | Noticed an eight-headed hydra
  8809 | D:14     | Killed an eight-headed hydra
  8812 | D:14     | Noticed a seven-headed hydra
  8822 | D:14     | Killed a seven-headed hydra
  8827 | D:14     | Noticed a four-headed hydra
  8846 | D:14     | Killed a four-headed hydra
  8876 | D:14     | Noticed an eight-headed hydra
  8877 | D:14     | Noticed a centaur warrior
  8885 | D:13     | Reached skill level 7 in Shields
  9074 | D:12     | Found a gate leading to a gauntlet.
  9078 | Gauntlet | Entered a Gauntlet
  9078 | Gauntlet | Found a transporter.
  9089 | Gauntlet | Found a transporter.
  9091 | Gauntlet | Found a transporter.
  9100 | Gauntlet | Found a transporter.
  9115 | Gauntlet | Found a transporter.
  9119 | Gauntlet | Noticed a green death
  9121 | Gauntlet | Found a transporter.
  9136 | Gauntlet | Found a transporter.
  9155 | Gauntlet | Found a transporter.
  9167 | Gauntlet | Found a transporter.
  9179 | Gauntlet | Found a transporter.
  9191 | Gauntlet | Found a transporter.
  9200 | Gauntlet | Noticed a hell beast
  9203 | Gauntlet | Found a transporter.
  9220 | Gauntlet | Found a transporter.
  9238 | Gauntlet | Found a transporter.
  9240 | Gauntlet | Found a transporter.
  9268 | Gauntlet | Found a transporter.
  9270 | Gauntlet | Found a transporter.
  9327 | Gauntlet | Found a transporter.
  9330 | Gauntlet | Reached skill level 5 in Dodging
  9334 | Gauntlet | Reached skill level 6 in Fighting
  9404 | Gauntlet | Killed a hell beast
  9414 | Gauntlet | Identified the ring "Violaj Uxinn" {rPois SInv}
  9421 | Gauntlet | Noticed a minotaur
  9431 | Gauntlet | Killed a minotaur
  9457 | Gauntlet | Got the Papyrus of Sinister Magic and the Wendigo
  9509 | D:12     | Reached skill level 6 in Armour
  9515 | D:12     | Found a flickering gateway to a bazaar.
  9524 | Bazaar   | Entered a bazaar
  9524 | Bazaar   | Found Cuchung's Assorted Antiques.
  9524 | Bazaar   | Found Hueruuk's Antique Weapon Shop.
  9524 | Bazaar   | Found Huaniseq's General Store.
  9526 | Bazaar   | Found Zeun's Armour Boutique.
  9578 | Bazaar   | Bought a scroll labelled KIOSABR YCACWUUXU for 20 gold
                  | pieces
  9578 | Bazaar   | Bought a scroll labelled SISCHEDGH ECZOO for 20 gold pieces
  9598 | Bazaar   | Bought a scroll of noise for 13 gold pieces
  9598 | Bazaar   | Bought 2 scrolls of teleportation for 78 gold pieces
  9602 | Bazaar   | Bought a scroll of identify for 26 gold pieces
  9603 | Bazaar   | Bought a scroll of enchant armour for 97 gold pieces
  9603 | Bazaar   | Bought a scroll of magic mapping for 97 gold pieces
  9612 | Bazaar   | Bought a +0 pair of boots of flying for 126 gold pieces
  9650 | Bazaar   | Bought a +1 pair of gloves of dexterity for 181 gold pieces
  9961 | D:12     | Noticed Sonja
  9962 | D:12     | Killed Sonja
  9963 | D:12     | Reached skill level 12 in Invocations
  9963 | D:12     | Reached XP level 14. HP: 101/101 MP: 16/23
  9967 | D:12     | Reached skill level 16 in Axes
  9967 | D:12     | Reached skill level 1 in Evocations
 10010 | D:12     | Noticed Lodul
 10014 | D:12     | Killed Lodul
 10213 | D:12     | Reached skill level 2 in Throwing
 10213 | D:12     | Reached skill level 6 in Translocations
 10427 | D:11     | Found the +8 trident of the Octopus King {venom, rElec
                  | rPois}
 10568 | Lair:1   | Entered Level 1 of the Lair of Beasts
 10874 | D:13     | Reached skill level 2 in Evocations
 10879 | D:13     | Reached skill level 8 in Shields
 11019 | D:13     | Noticed a reaper
 11019 | D:13     | Noticed a reaper
 11019 | D:13     | Noticed a reaper
 11019 | D:13     | Noticed a reaper
 11025 | D:13     | Noticed a reaper
 11694 | Lair:1   | Noticed Gastronok
 11709 | Lair:1   | Killed Gastronok
 11716 | Lair:1   | Reached skill level 7 in Fighting
 12096 | Lair:2   | Reached skill level 3 in Evocations
 12111 | Lair:2   | Reached skill level 3 in Throwing
 12124 | Lair:2   | Reached ****** piety under Cheibriados
 12132 | Lair:2   | Reached skill level 6 in Dodging
 12220 | Lair:2   | Found a hole to the Spider Nest.
 12268 | Lair:2   | Found a frozen archway.
 12277 | IceCv    | Entered an ice cave
 12293 | IceCv    | Noticed a quicksilver ooze
 12300 | IceCv    | Killed a quicksilver ooze
 12372 | IceCv    | Reached skill level 7 in Armour
 12535 | IceCv    | Noticed a quicksilver ooze
 12538 | IceCv    | Killed a quicksilver ooze
 12552 | IceCv    | Noticed a quicksilver ooze
 12559 | IceCv    | Killed a quicksilver ooze
 12565 | IceCv    | Noticed a quicksilver ooze
 12568 | IceCv    | Killed a quicksilver ooze
 12602 | IceCv    | Reached XP level 15. HP: 108/108 MP: 16/24
 12613 | IceCv    | Learned a level 3 spell: Portal Projectile
 12654 | IceCv    | Found a viscous altar of Jiyva.
 12654 | IceCv    | Noticed an azure jelly
 12659 | IceCv    | Noticed a quicksilver ooze
 12660 | IceCv    | Killed an azure jelly
 12664 | IceCv    | Killed a quicksilver ooze
 12681 | IceCv    | Got the ring of Zafohui {Ice Drain rPois Dex-5 SInv}
 12685 | IceCv    | Identified the ring of Harmony {rPois Str+2}
 12812 | Lair:2   | Reached skill level 9 in Shields
 12863 | Lair:2   | Found a staircase to the Swamp.
 12989 | Lair:2   | Reached skill level 4 in Evocations
 13440 | Lair:3   | Reached skill level 4 in Throwing
 13517 | Lair:3   | Found a dark tunnel.
 13524 | Volcano  | Entered a volcano
 14103 | Lair:3   | Reached skill level 7 in Translocations
 14153 | Lair:3   | Identified a scroll of acquirement
 14200 | Lair:3   | Noticed Nergalle
 14207 | Lair:3   | Killed Nergalle
 14324 | Lair:3   | Reached skill level 8 in Fighting
 14324 | Lair:3   | Reached skill level 13 in Invocations
 14459 | Lair:3   | Reached skill level 17 in Axes
 14674 | Lair:4   | Acquired 842 gold pieces
 14867 | Lair:4   | Reached skill level 8 in Armour
 14870 | Lair:4   | Reached skill level 5 in Evocations
 15311 | Lair:5   | Entered Level 5 of the Lair of Beasts
 15389 | Lair:5   | Reached XP level 16. HP: 53/118 MP: 25/25
 15566 | Lair:5   | Reached skill level 7 in Dodging
 15608 | Lair:5   | Reached skill level 5 in Throwing
 15608 | Lair:5   | Reached skill level 10 in Shields
 15615 | Lair:5   | Learned a level 6 spell: Dispersal
 16246 | Lair:5   | Identified the +2 rapier of the Thing {drain, rN+ Int+4}
 16334 | Lair:5   | Found a viscous altar of Jiyva.
 16335 | Lair:5   | Found a runed translucent door.
 16339 | Lair:5   | Found a staircase to the Slime Pits.
 16657 | D:4      | Killed nidavellir's ghost
 16966 | D:14     | Reached skill level 6 in Evocations
 17421 | D:15     | Entered Level 15 of the Dungeon
 17460 | D:15     | Found a staircase to the Depths.
 17483 | D:15     | Reached skill level 9 in Fighting
 17718 | D:15     | Found a sparkling altar of Nemelex Xobeh.
 17794 | D:15     | Found a shimmering altar of Xom.
 18047 | D:15     | Reached skill level 8 in Translocations
 18074 | D:15     | Identified the +0 leather armour of Pilurch {rCorr Str+3}
 18483 | Orc:1    | Entered Level 1 of the Orcish Mines
 18509 | Orc:1    | Reached skill level 9 in Armour
 18597 | Orc:1    | Reached skill level 6 in Throwing
 18952 | Orc:2    | Entered Level 2 of the Orcish Mines
 19102 | Orc:2    | Reached XP level 17. HP: 126/126 MP: 27/27
 19528 | Orc:2    | Found a staircase to the Elven Halls.
 19574 | Orc:2    | Found Teteconk's Jewellery Emporium.
 19658 | Orc:2    | Found an ancient bone altar of Kikubaaqudgha.
 19699 | Orc:2    | Found a radiant altar of Vehumet.
 19718 | Orc:2    | Noticed Jorgrun
 19729 | Orc:2    | Killed Jorgrun
 19745 | Orc:2    | Found Fyepobi's Distillery.
 19749 | Orc:2    | Reached skill level 18 in Axes
 19752 | Orc:2    | Found Dunateugg's Antique Weapon Emporium.
 19769 | Orc:2    | Found Deny's Distillery.
 19771 | Orc:2    | Bought a potion of curing for 36 gold pieces
 19771 | Orc:2    | Bought a potion of curing for 36 gold pieces
 19771 | Orc:2    | Bought a potion of heal wounds for 60 gold pieces
 19779 | Orc:2    | Bought a potion of heal wounds for 50 gold pieces
 19779 | Orc:2    | Bought a potion of curing for 30 gold pieces
 19779 | Orc:2    | Bought a potion of resistance for 100 gold pieces
 19779 | Orc:2    | Bought a potion of might for 40 gold pieces
 19779 | Orc:2    | Bought 2 potions of might for 80 gold pieces
 19779 | Orc:2    | Bought a potion of cancellation for 80 gold pieces
 19779 | Orc:2    | Bought a potion of invisibility for 80 gold pieces
 19845 | Orc:2    | Noticed Maurice
 19849 | Orc:2    | Killed Maurice
 20092 | Swamp:1  | Entered Level 1 of the Swamp
 20125 | Swamp:1  | Reached skill level 14 in Invocations
 20163 | Swamp:1  | Found a runed translucent gate.
 20236 | Swamp:1  | Found a runed translucent gate.
 20238 | Swamp:1  | Found a runed translucent gate.
 20238 | Swamp:1  | Noticed Tuenlyrph's ghost (adept SpEn)
 20249 | Swamp:1  | Reached skill level 8 in Dodging
 20249 | Swamp:1  | Reached skill level 7 in Evocations
 21359 | Swamp:3  | Reached skill level 7 in Throwing
 21394 | Swamp:3  | Reached skill level 10 in Fighting
 21593 | Swamp:4  | Entered Level 4 of the Swamp
 21593 | Swamp:4  | Noticed a thorn hunter
 21634 | Swamp:3  | Killed a thorn hunter
 21635 | Swamp:3  | Reached skill level 10 in Armour
 21669 | Swamp:4  | Reached XP level 18. HP: 134/134 MP: 28/28
 21865 | Swamp:4  | Reached skill level 8 in Evocations
 21948 | Swamp:4  | Noticed the 27-headed Lernaean hydra
 21957 | Swamp:4  | Killed the 26-headed Lernaean hydra
 21958 | Swamp:4  | Reached skill level 9 in Translocations
 22203 | Swamp:4  | Noticed a tentacled monstrosity
 22322 | Swamp:4  | Got a decaying rune of Zot
 22573 | Spider:1 | Entered Level 1 of the Spider Nest
 22662 | Spider:1 | Reached skill level 9 in Dodging
 22844 | Spider:1 | Reached skill level 19 in Axes
 23089 | Spider:1 | Reached skill level 8 in Throwing
 23125 | Spider:1 | Reached skill level 15 in Invocations
 23425 | Spider:2 | Noticed Agnes
 23427 | Spider:2 | Killed Agnes
 23505 | Spider:2 | Noticed Azrael
 23515 | Spider:2 | Reached XP level 19. HP: 121/142 MP: 15/30
 23522 | Spider:2 | Killed Azrael
 23717 | Spider:2 | Reached skill level 11 in Fighting
 23717 | Spider:2 | Reached skill level 11 in Armour
 23717 | Spider:2 | Reached skill level 9 in Evocations
 24105 | Spider:3 | Identified the +7 dire flail of Inference {flame, *Rage
                  | rElec rCorr Str+3}
 25238 | Spider:4 | Entered Level 4 of the Spider Nest
 25483 | Spider:4 | Noticed Kirke
 25633 | Spider:3 | Killed Kirke
 25886 | Spider:4 | Reached skill level 10 in Translocations
 26050 | Spider:4 | Reached skill level 9 in Throwing
 26252 | Spider:4 | Identified the scarf of Waomirch {repulsion, +Inv rPois}
 26333 | Spider:4 | Got a gossamer rune of Zot
 26794 | Elf:1    | Entered Level 1 of the Elven Halls
 26813 | Elf:1    | Identified the +6 spear of Nide {venom, *Slow Dex+7}
 26940 | Elf:1    | Reached skill level 10 in Dodging
 26940 | Elf:1    | Reached XP level 20. HP: 141/152 MP: 29/31
 26976 | Elf:1    | Reached skill level 10 in Evocations
 27085 | Elf:1    | Reached skill level 20 in Axes
 27301 | Elf:1    | Identified the +2 ring mail of Puelek {-Tele +Inv rElec
                  | rC+}
 27663 | Elf:2    | Found Mippuev's Antique Weapon Emporium.
 27663 | Elf:2    | Found Qaudypo's Antique Weapon Shop.
 27706 | Elf:2    | Reached skill level 12 in Fighting
 27713 | Elf:2    | Found a crumbling gateway.
 27725 | Desolati | Entered the Desolation of Salt
 27778 | Desolati | Reached skill level 12 in Armour
 27973 | Desolati | Got the Reference Book on the Evolving Black Widow
 27981 | Desolati | Reached skill level 6 in Spellcasting
 28025 | Desolati | Got Biviemuc's Grimoire of Bewitchment and Production
 28099 | Desolati | Got the Vademecum on the Quarry and Relocation
 28143 | Desolati | Identified the +5 cloak "Beisiff" {*Corrode Fly rF+++
                  | Dex-2}
 28321 | Desolati | Identified the +6 chain mail of Sharp Curiosity {Stlth+}
 28413 | Desolati | Reached XP level 21. HP: 47/160 MP: 26/32
 28472 | Desolati | Reached skill level 10 in Throwing
 29123 | Elf:2    | Found a huge runed translucent gate.
 29123 | Elf:2    | Found a huge runed translucent gate.
 29123 | Elf:2    | Found a huge runed translucent gate.
 29124 | Elf:2    | Found a huge runed translucent gate.
 29124 | Elf:2    | Found a huge runed translucent gate.
 29336 | Elf:2    | Noticed Nikola
 29375 | Elf:3    | Entered Level 3 of the Elven Halls
 29388 | Elf:3    | Found Nyob's Armour Shop.
 29389 | Elf:3    | Found Coammuz's Assorted Antiques.
 29415 | Elf:3    | Found Pawn's Antique Weapon Boutique.
 29471 | Elf:3    | Found Osoz's Book Shop.
 29510 | Elf:3    | Reached skill level 11 in Evocations
 29707 | Elf:3    | Reached skill level 11 in Translocations
 29716 | Elf:3    | Reached skill level 7 in Spellcasting
 29925 | Elf:3    | Noticed emiel's ghost (adept NaFi)
 29929 | Elf:3    | Found a runed translucent gate.
 29929 | Elf:3    | Found a runed translucent gate.
 29929 | Elf:3    | Found a runed translucent gate.
 29945 | Elf:3    | Identified the +1 cloak of the Gate {rElec}
 30075 | Elf:3    | Found Papry's Book Shoppe.
 30166 | Elf:3    | Reached skill level 11 in Dodging
 30193 | Elf:3    | Identified the +1 battleaxe of the Ten Leylines {freeze,
                  | Will+ Dex+3}
 30258 | Elf:3    | Identified the +2 mace "Utuosu Dedei" {speed, rN+ rCorr
                  | Int+3 Stlth+}
 30336 | Elf:3    | Reached skill level 13 in Armour
 30348 | Elf:3    | Reached skill level 21 in Axes
 30358 | Elf:3    | Reached skill level 13 in Fighting
 30382 | Elf:3    | Identified the +6 great mace "Uzou" {holy, Will+ Dex+3}
 30407 | Elf:3    | Reached XP level 22. HP: 168/169 MP: 18/33
 30533 | Elf:3    | Identified the staff of poison "Ifom Fepa" {rPois rC- rN+
                  | Str+5}
 30594 | Elf:3    | Got the Parchment of Frigorific Necromancy
 30601 | Elf:3    | Got the Folio of Ill Luck
 30694 | Elf:3    | Identified the staff of air "Suaph" {rElec rN+ Int+3}
 31154 | Elf:2    | HP: 4/169 [Nikola/bolt of lightning (50)]
 31154 | Elf:2    | Killed from afar by Nikola

Illustrated notes

Levels and vault maps discovered:
D:1:      dpeg_arrival_renting, layout_basic,
          shapermc_ecumenical_altar_rom_forum
D:2:      layout_rooms, corner_web_ring
D:3:      layout_rooms
D:4:      layout_basic, mainiacjoe_overflow_boulevard,
          ebering_ghost_reflecting_pool, saegor_snake_ambush, uniq_edmund
D:5:      layout_basic, gammafunk_temple_overflow_statue,
          minmay_temple_entry_stoned_glass
D:6:      layout_basic, kennysheep_mini, serial_shops, nicolae_diamond_shop,
          kennysheep_little_box
D:7:      layout_loops_cross, nicolae_ossuary_entry_ruins, uniq_maggie
D:8:      layout_rooms, due_lair_maze_entry_diamond, uniq_psyche, uniq_amaemon
D:9:      layout_basic, lemuel_round_altar, orc_0_dummy, serial_demonic,
          serial_demonic_a, serial_demonic_f, serial_demonic_c, serial_demonic_f
D:10:     layout_roguey, onia_ninara_cookie
D:11:     minmay_coctagon, layout_stronghold, tso_metal_star
D:12:     layout_irregular_city, serial_shops, bzr_firewalk,
          gauntlet_entry_generic, uniq_sonja, uniq_lodul
D:13:     layout_stronghold, minmay_guarded_unrand_curses
D:14:     kennysheep_spiral_hall, layout_cave_pools, david_vaults_5,
          kennysheep_flooded_box
D:15:     hangedman_depths_entry_try_elsewhere_first, layout_stronghold,
          nemelex_diamond_rough_becter, led_xom_imps
Temple:   hellmonk_temple_divided_pantheon
Lair:1:   layout_big_grid, grunt_megastairs_1, serial_bayou_shore_a,
          uniq_gastronok
Lair:2:   dragon1_lemuel, layout_misc_corridors, swamp_mist_pool,
          dummy_spider_entry, portal_ice_cave_entry_pillars_1,
          serial_bayou_shore_b
Lair:3:   layout_regular_city, nicolae_volcano_entry_hallway,
          serial_bayou_pond_b, roderic_batcave, uniq_nergalle
Lair:4:   layout_long_grid, special_room [special_room_mythical_zoo]
Lair:5:   minmay_lair_end_enchanted_forest, layout_cave_pods, slime_entry_2,
          evilmike_ambush [evilmike_ambush_outer_corners,
          evilmike_ambush_inner_wall_2], infiniplex_staircase_pool
Swamp:1:  layout_basic_swamp, ebering_ghost_rock_garden,
          evilmike_swamp_ruin_rubble_1
Swamp:2:  layout_basic_swamp, nicolae_swamp_decorative_isthmus
Swamp:3:  layout_basic_swamp, evilmike_swamp_ruin_house_4, swamp_pool3
Swamp:4:  swamp, layout_basic_swamp
Spider:1: layout_spider_delve, nicolae_spider_undead_wolf_pack
Spider:2: layout_spider_delve, hangedman_spider_tarantella_strand, uniq_agnes,
          uniq_azrael
Spider:3: layout_spider_delve, nicolae_spider_orb_run
Spider:4: guppyfry_spider_rune, spiders_nest_the_unseen, uniq_kirke
Orc:1:    layout_caves
Orc:2:    kennysheep_orc_mage_school, layout_diamond_mine, uniq_maurice,
          uniq_jorgrun
Elf:1:    nicolae_elf_arrival_fired_up, layout_geoelf_diagonals,
          minmay_elf_crystal_hexagon, roderic_lattice_octagonal_star
Elf:2:    elven_hall_of_blades_hangedman_alternative
          [nicolae_blade_entry_area_security], layout_geoelf_diagonals,
          serial_shops, shop, nicolae_square_shop, portal_desolation_entry_salt,
          uniq_nikola, uniq_louise
Elf:3:    nooodl_elf_gasket, layout_geoelf_octagon, serial_shops,
          nicolae_shop_statue_plus, shop, shop, shop, nicolae_lakefront_shop,
          gammafunk_ghost_split

Skill      XL: |  1  2  3  4  5  6  7  8  9 10 11 12 13 14 15 16 17 18 19 20 21 |
---------------+----------------------------------------------------------------+-----
Axes           | 3 4 5 6 7 9 11 13 14 15 16 17 18 19 20 21 | 21.1
Shields        | 2 3 4 5 7 8 9 10 | 10.0
Invocations    | 1 4 7 9 10 11 12 13 14 15 | 15.0
Dodging        | 2 4 5 6 7 8 9 10 11 | 11.2
Translocations | 3 4 5 6 7 8 9 10 11 | 11.4
Armour         | 2 4 6 7 8 9 10 11 12 13 | 13.2
Fighting       | 3 4 6 7 8 9 10 11 12 13 | 13.1
Spellcasting   | 3 4 5 6 7 |  7.8
Evocations     | 3 5 6 7 8 9 10 11 | 11.6
Throwing       | 3 4 6 7 8 9 10 | 10.8

Action                     |  1- 3 |  4- 6 |  7- 9 | 10-12 | 13-15 | 16-18 | 19-21 | 22-24 || total
---------------------------+-------+-------+-------+-------+-------+-------+-------+-------++-------
  Melee: Hand axe          |    99 |   109 |    75 |    23 |       |       |       |       ||   306
         Punch             |     1 |     1 |       |       |       |       |       |       ||     2
         Dire flail        |       |       |   307 |   498 |    27 |       |       |       ||   832
         Unarmed           |       |       |       |     4 |       |       |       |       ||     4
         Battleaxe         |       |       |       |     5 |   513 |   939 |  1012 |    64 ||  2533
         Trident           |       |       |       |       |       |       |    20 |       ||    20
  Throw: Dart              |       |     4 |     2 |    11 |    20 |    13 |    34 |       ||    84
         Boomerang         |       |       |       |       |       |    41 |       |       ||    41
   Cast: Manifold Assault  |       |       |       |       |     1 |       |     2 |       ||     3
         Lesser Beckoning  |       |       |       |       |       |       |    65 |     6 ||    71
         Apportation       |       |       |       |       |       |       |     3 |       ||     3
         Portal Projectile |       |       |       |       |       |       |     1 |       ||     1
 Invoke: Slouch            |       |       |       |     1 |     7 |     8 |     9 |     3 ||    28
Ability: Dig               |       |       |       |       |     1 |       |     3 |       ||     4
  Evoke: Wand              |       |     3 |       |       |     1 |     4 |     3 |       ||    11
         Condenser vane    |       |       |       |       |       |     1 |     1 |       ||     2
    Use: Scroll            |       |       |    10 |     3 |    11 |     3 |     1 |       ||    28
         Potion            |       |       |       |     2 |     1 |     2 |     1 |     1 ||     7
   Stab: Confused          |       |       |       |     1 |       |       |       |       ||     1
         Sleeping          |       |       |       |       |     5 |     2 |     2 |       ||     9
         Distracted        |       |       |       |       |     3 |     4 |     2 |       ||     9
         Invisible         |       |       |       |       |       |     2 |       |       ||     2
         Held in net/web   |       |       |       |       |       |       |     1 |       ||     1
 Armour: Leather armour    |    10 |       |       |       |       |       |       |       ||    10
         Chain mail        |    27 |    61 |   184 |       |       |       |       |       ||   272
         Swamp dragon scal |       |       |       |   197 |   182 |   213 |       |       ||   592
         Skin              |       |       |       |     4 |       |       |       |       ||     4
         Acid dragon scale |       |       |       |       |    26 |    58 |   179 |       ||   263
         Pearl dragon scal |       |       |       |       |       |       |    80 |     9 ||    89
  Dodge: Dodged            |    40 |    42 |   139 |   228 |   328 |   840 |   689 |    25 ||  2331
         Repelled          |       |       |       |       |       |       |    31 |     1 ||    32
  Block: Buckler           |       |    16 |   113 |   104 |       |       |       |       ||   233
         Kite shield       |       |       |       |   141 |   395 |   792 |   681 |    25 ||  2034

Table legend: (Time is in decaauts)
 A = Elapsed time spent in this place.
 B = Non-inter-level travel time spent in this place.
 C = Inter-level travel time spent in this place.
 D = Time resting spent in this place.
 E = Time spent auto-exploring this place.
 F = Levels seen in this place.
 G = Mean time per level.
                   A        B        C        D        E       F      G
               +--------+--------+--------+--------+--------+-----+--------+
         Total |  49988 |  44116 |   5872 |   2049 |  28583 |  41 | 1219.2 |
       Dungeon |  19238 |  16525 |   2713 |    814 |  11931 |  15 | 1282.5 |
        Temple |     44 |     24 |     20 |      0 |      0 |   1 |   44.0 |
          Lair |   8105 |   6900 |   1205 |     47 |   5165 |   5 | 1621.0 |
         Swamp |   3897 |   3596 |    301 |    287 |   2231 |   4 |  974.2 |
   Spider Nest |   6482 |   5939 |    543 |    556 |   3850 |   4 | 1620.5 |
  Orcish Mines |   3021 |   2441 |    580 |      0 |   1790 |   2 | 1510.5 |
   Elven Halls |   5158 |   4650 |    508 |    141 |   2920 |   3 | 1719.3 |
         Abyss |    193 |    193 |      0 |     19 |     13 |   1 |  193.0 |
        Bazaar |    239 |    239 |      0 |      0 |     77 |   1 |  239.0 |
       Ossuary |    345 |    345 |      0 |      0 |    135 |   1 |  345.0 |
      Ice Cave |    730 |    730 |      0 |    106 |    116 |   1 |  730.0 |
       Volcano |    523 |    523 |      0 |     78 |      0 |   1 |  523.0 |
    Desolation |   1349 |   1349 |      0 |      0 |    352 |   1 | 1349.0 |
      Gauntlet |    659 |    659 |      0 |      0 |      0 |   1 |  659.0 |
               +--------+--------+--------+--------+--------+-----+--------+

Top non-repeatable levels by time:
   Elf:3: 2267 daAuts
Spider:3: 2227 daAuts
  Lair:5: 2033 daAuts
   Orc:2: 1946 daAuts
    D:11: 1879 daAuts
     D:9: 1751 daAuts
    D:13: 1716 daAuts
   Elf:1: 1714 daAuts
    D:15: 1711 daAuts
  Lair:2: 1654 daAuts
Spider:1: 1647 daAuts
  Lair:3: 1601 daAuts
  Lair:1: 1598 daAuts
    D:10: 1541 daAuts
Spider:4: 1509 daAuts
